 Dungeon Crawl Stone Soup version 0.22-a0-253-gf9d0ce5 (webtiles) character file.

1766411 Zwobot the Slayer (level 27, 265/305 HPs)
             Began as an Ogre Fighter on Mar 3, 2018.
             Was a High Priest of Okawaru.
             Escaped with the Orb
             ... and 3 runes!
             The game lasted 03:57:09 (61961 turns).

Zwobot the Slayer (Ogre Fighter)                   Turns: 61961, Time: 03:57:10

Health: 265/305    AC: 23    Str: 30    XL:     27
Magic:  34/39      EV: 13    Int: 16    God:    Okawaru [*****.]
Gold:   3231       SH: 13    Dex: 12    Spells: 26/36 levels left

rFire    + + .     SeeInvis .     - Unarmed
rCold    + . .     Gourm    .   S - +0 shield {rF+}
rNeg     . . .     Faith    .   T - +5 storm dragon scales
rPois    +         Spirit   +   m - +2 hat
rElec    +         Reflect  .   g - +0 cloak {+Inv}
rCorr    .         Harm     .   (gloves unavailable)
MR       +++..                  (boots unavailable)
Stlth    ..........             r - amulet of Nagoss {Spirit rElec rPois MP+9}
HPRegen  0.60/turn              P - +5 ring of slaying
MPRegen  0.26/turn              M - ring "Pifyl" {rF+ rC+ MR+ Str-3 Int+7}

@: no status effects
A: large, unfitting armour, yellow scales 1, deformed body, mutation resistance
1, tough skin 1
0: Orb of Zot
}: 3/15 runes: decaying, serpentine, silver
a: Heroism, Finesse, Renounce Religion, Evoke Invisibility


You escaped.
You worshipped Okawaru.
Okawaru was extremely pleased with you.
You were full.

You visited 10 branches of the dungeon, and saw 50 of its levels.
You also visited: Labyrinth, Sewer, Ossuary and Ice Cave.

You collected 6343 gold pieces.
You spent 3112 gold pieces at shops.

Inventory:

Missiles
 c - 11 javelins of penetration
 l - 4 throwing nets
 F - 19 javelins of returning
 J - 124 large rocks (quivered)
Armour
 g - a +0 cloak of invisibility (worn)
 m - a +2 hat (worn)
 w - a +4 troll leather armour
 S - a +0 shield of fire resistance (worn)
 T - +5 storm dragon scales (worn)
Jewellery
 a - an uncursed ring of positive energy
 r - the amulet of Nagoss (around neck) {Spirit rElec rPois MP+9}
   (You found it on level 1 of the Snake Pit)

   [amulet of guardian spirit]

   It causes incoming damage to be split between your health and magic.
   It insulates you from electricity.
   It protects you from poison.
   It affects your magic capacity (+9).
 L - a +3 ring of strength {unknown}
 M - the ring "Pifyl" (right hand) {rF+ rC+ MR+ Str-3 Int+7}
   (You bought it in a shop on level 2 of the Orcish Mines)

   [ring of protection from cold]

   It affects your strength (-3).
   It affects your intelligence (+7).
   It protects you from fire.
   It protects you from cold.
   It affects your resistance to hostile enchantments.
 P - a +5 ring of slaying (left hand)
 X - the ring of the Snail {rElec AC+6}
   (You found it in a labyrinth)

   [ring of protection]

   It affects your AC (+6).
   It insulates you from electricity.
 Y - an uncursed ring of see invisible
Wands
 b - a wand of disintegration (10)
 i - a wand of acid (17)
 u - a wand of digging (19)
 y - a wand of scattershot (13)
 z - a wand of iceblast (32)
 R - a wand of flame (103)
 U - a wand of clouds (4)
Scrolls
 f - 20 scrolls of remove curse
 n - 2 scrolls of summoning
 o - 6 scrolls of blinking
 s - 13 scrolls of fog
 t - 3 scrolls of noise
 x - 10 scrolls of amnesia
 E - 6 scrolls of immolation
 G - 9 scrolls of teleportation
 H - 18 scrolls of identify
 Q - 8 scrolls of fear
 V - 3 scrolls of silence
Potions
 e - 7 potions of heal wounds
 h - 7 potions of berserk rage
 j - 15 potions of curing
 k - 2 potions of agility
 q - 7 potions of flight
 v - 4 potions of brilliance
 B - 4 potions of might
 C - 2 potions of haste
 D - 2 potions of invisibility
 I - a potion of ambrosia
 K - 6 potions of mutation
 N - 3 potions of resistance
 Z - 2 potions of cancellation
Miscellaneous
 A - a fan of gales
 O - a lightning rod (4/4)
 W - a lamp of fire
Comestibles
 d - 63 rations


   Skills:
 - Level 23.3 Fighting
 * Level 20.3 Throwing
 - Level 14.0 Armour
 - Level 12.3 Dodging
 - Level 12.1 Shields
 - Level 22.1 Unarmed Combat
 - Level 5.0 Spellcasting
 - Level 6.0 Charms
 - Level 9.0 Summonings
 - Level 6.1 Necromancy
 - Level 7.0 Translocations
 - Level 8.2 Invocations
 + Level 9.1 Evocations


You had 26 spell levels left.
You knew the following spells:

 Your Spells              Type           Power        Failure   Level  Hunger
a - Lesser Beckoning      Tloc           ####......   9%          3    ###....
b - Blink                 Tloc           N/A          4%          2    #......
c - Apportation           Tloc           ####..       2%          1    None
d - Regeneration          Chrm/Necr      ###.......   12%         3    ###....
e - Summon Butterflies    Summ           ####....     1%          1    None


Dungeon Overview and Level Annotations

Branches:
Dungeon (15/15)            Temple (1/1) D:5            Lair (6/6) D:9
  Swamp (4/4) Lair:3        Snake (4/4) Lair:3        Slime (0/5) Lair:5
    Orc (2/2) D:10            Elf (3/3) Orc:2        Vaults (5/5) D:13
  Crypt (0/3) Vaults:3     Depths (5/5) D:15            Zot (5/5) Depths:5

Altars:
Ashenzari
Cheibriados
Dithmenos
Elyvilon
Fedhas
Gozag
Hepliaklqana
Kikubaaqudgha
Makhleb
Okawaru
Qazlal
Ru
Sif Muna
Trog
Uskayaw
Vehumet
Wu Jian
Xom
Yredelemnul
Zin
The Shining One
Beogh
Jiyva
Lugonu

Shops:
D:5 %   Orc:2 ?[==   Snake:2 =   Snake:3 ([[}   Vaults:1 =(*=   Vaults:3 :
Vaults:5 %   Depths:1 ?   Depths:3 (

Portals:
Hell: Depths:1 Depths:2 Depths:3 Depths:4 Depths:5
Abyss: Depths:4*
Pandemonium: Depths:1 Depths:2 Depths:3
Ziggurat: Depths:3

Annotations:
D:4 1 runed door
Elf:2 5 runed doors
Zot:2 exclusion: upstairs


Innate Abilities, Weirdness & Mutations

You are too large for most types of armour.
You have tough skin. (AC +1)
You are partially covered in yellow scales. (AC +2)
Armour fits poorly on your strangely shaped body.
You are somewhat resistant to further mutation.


Message History

There is an open door here.
You pummel the rat!!
You kill the rat!
There is a staircase leading out of the dungeon here.
You pummel the Orb Guardian like a punching bag!!!
The Orb Guardian is severely wounded.
The Orb Guardian hits you!!
You pummel the Orb Guardian!!
The Orb Guardian is almost dead.
The Orb Guardian hits you!
You hit the Orb Guardian but do no damage.
The Orb Guardian is almost dead.
The Orb Guardian hits you!
You closely miss the Orb Guardian.
The Orb Guardian is almost dead.
You block the Orb Guardian's attack.
You pummel the Orb Guardian!!
You kill the Orb Guardian!
Okawaru accepts your kill.
You have escaped!

.....#.#.#####.# #.#.......#(
.....'>#.#.....# #.##...##.#.
.....#.#.#.##### #..+...'..#.
.......#.#.# #########...####'
.........#X# ####...# #)..##...
#....#.###.# #..#...# #...##...
...........# #..'...# #...##...
.....#.###.###'####'#####...####+
#.#..#.# #.....'@......###### #.
.[...#.####+######.....# #####'
..#..#'##........#.....# #.....
..###...#........#.....# #.....
........#........'.....# #.....
####....#........####### #.....
.....#'##....r...# #.....
######.##........# #######.....
.#...#.##........# #...........


There were no monsters in sight!

Vanquished Creatures
  4 ancient liches
  5 orbs of fire
  Mennas (Vaults:3)
  Mara (Swamp:4)
  Sojobo (Depths:1)
  Margery (Vaults:5)
  2 Killer Klowns (Zot:5)
  2 curse toes
  6 golden dragons
  A bone dragon (Depths:5)
  5 electric golems
  4 liches
  25 Orb Guardians
  14 tentacled monstrosities
  4 quicksilver dragons
  4 titans (Vaults:5)
  4 sphinxes
  5 death cobs
  3 shadow dragons
  A thorn hunter (Swamp:4)
  7 tengu reavers
  6 draconian monks
  11 storm dragons
  An azure jelly (shapeshifter) (Depths:1)
  8 nagarajas
  8 fire giants
  2 deep elf sorcerers
  4 draconian knights (Zot:5)
  3 ghost moths
  9 frost giants
  An iron dragon (Depths:2)
  A draconian scorcher (Zot:3)
  Louise (Elf:1)
  2 orc warlords
  Aizul (Snake:3)
  3 deep elf elementalists (Vaults:5)
  11 vault wardens
  6 draconian stormcallers
  12 ironheart preservers
  2 draconian annihilators (Zot:5)
  4 draconian shifters
  A war gargoyle (Vaults:5)
  3 entropy weavers
  26 very ugly things
  19 stone giants
  3 vampire knights
  Nessos (Lair:5)
  10 green draconians
  6 red draconians
  3 deep elf demonologists
  7 black draconians
  6 yellow draconians
  9 purple draconians
  Azrael (Orc:2)
  4 white draconians
  A minotaur (Lab)
  2 deep elf death magi
  A merfolk impaler (Depths:3)
  13 ettins
  7 fire dragons
  Josephine (Swamp:1)
  2 green deaths (Swamp:4)
  4 great orbs of eyes
  12 yaktaur captains
  A deep elf high priest (Vaults:5)
  Fannar (Orc:1)
  26 vault guards
  8 rakshasas
  Harold (D:11)
  11 ice dragons
  2 spriggan air magi
  8 centaur warriors
  25 hydras
  8 anacondas
  A catoblepas (Lair:2)
  14 naga warriors
  27 two-headed ogres
  A queen ant (shapeshifter) (Depths:2)
  6 alligators
  3 death yaks (IceCv)
  10 dancing weapons
  12 ogre magi
  8 deep troll earth magi
  4 orc high priests
  9 deep troll shamans
  6 tengu warriors
  A spriggan berserker (Depths:3)
  Urug (D:11)
  10 naga sharpshooters
  A sun demon (Depths:3)
  3 shock serpents
  11 deep elf knights
  4 shadow wraiths
  A shock serpent (shapeshifter) (Vaults:2)
  2 sixfirhies
  23 hell knights
  The ghost of braks the Destroyer, a novice DrCj of Sif Muna (Lair:1)
  6 salamander mystics (Snake:1)
  3 sea snakes (Snake:2)
  5 iron trolls
  25 deep trolls
  2 spriggan druids
  2 glowing orange brains
  2 unseen horrors
  11 naga ritualists
  9 swamp dragons
  3 flayed ghosts
  5 wizards
  10 deep elf archers
  3 shambling mangroves (Swamp:1)
  4 harpies (Vaults:3)
  10 mana vipers
  A phantasmal warrior (Vaults:5)
  22 ironbrand convokers
  6 necromancers
  30 orc knights
  An oklob plant (Lair:1)
  The ghost of KristoblXynda the Carver, a novice DrFi of Cheibriados (D:6)
  A wolf spider (shapeshifter) (Vaults:5)
  47 deep elf magi
  13 orc sorcerers
  An orb spider (shapeshifter) (Depths:4)
  3 wolf spiders
  A fire giant zombie (Depths:2)
  A cyclops (shapeshifter) (Depths:2)
  9 cyclopes
  66 ugly things
  18 moths of wrath
  3 salamanders
  26 naga magi
  12 elephants (Lair:6)
  8 vault sentinels
  6 orange demons
  2 smoke demons
  26 black mambas
  A gargoyle (D:9)
  2 rust devils
  3 guardian serpents
  An ice statue (IceCv)
  20 spiny frogs
  A centaur skeleton (D:12)
  A spiny frog (shapeshifter) (Vaults:5)
  A rime drake (Lair:2)
  3 freezing wraiths
  2 demonic crawlers (Elf:1)
  A hellion (Depths:3)
  A spriggan zombie (Depths:2)
  17 komodo dragons
  A tormentor (Depths:1)
  3 hellwings
  52 yaktaurs
  8 tengu conjurers
  An efreet (D:14)
  2 ice devils
  A queen bee (shapeshifter) (Vaults:4)
  A meliai (D:14)
  A jumping spider (Vaults:3)
  19 polar bears
  8 trolls
  6 tyrant leeches
  15 hornets
  31 blink frogs
  42 slime creatures
  A hornet (shapeshifter) (Vaults:1)
  10 bog bodies
  9 hippogriffs
  18 dream sheep (Lair:6)
  A frost giant simulacrum (Vaults:3)
  20 spriggans
  2 air elementals (Elf:2)
  61 yaks
  A spriggan simulacrum (Depths:2)
  7 water elementals
  3 wyverns
  2 large abominations
  2 fire elementals (Orc:2)
  7 redbacks
  A tarantella (Vaults:2)
  8 wraiths
  6 shadows
  A ynoxinul (Depths:1)
  A steam dragon (D:12)
  5 basilisks
  2 hungry ghosts
  53 vampire mosquitoes
  A chaos spawn (Depths:1)
  A human (shapeshifter) (Vaults:3)
  A neqoxec (D:15)
  Menkaure (D:6)
  39 nagas
  5 wargs
  15 insubstantial wisps
  22 swamp worms
  11 water moccasins
  12 porcupines
  2 acid dragons (D:14)
  2 soldier ants
  Duvessa (D:5)
  3 hell hounds (Orc:2)
  43 orc warriors
  A small abomination (Swamp:4)
  6 black bears
  8 swamp drakes
  An ice beast (D:5)
  4 sky beasts
  A hornet zombie (D:11)
  3 necrophages
  5 phantoms
  A black bear (shapeshifter) (Depths:1)
  48 wolves
  8 boggarts
  33 ogres
  12 centaurs
  14 crocodiles
  2 crocodiles (shapeshifter)
  A big kobold (Sewer)
  A wyvern zombie (D:14)
  12 bullfrogs
  5 earth elementals
  Dowan (D:5)
  3 scorpions
  9 killer bees
  9 wights
  3 electric eels
  3 spriggan skeletons
  9 howler monkeys
  A troll skeleton (Lab)
  8 crimson imps
  2 bullfrog zombies
  2 centaur zombies
  A quasit (D:6)
  A human simulacrum (Vaults:2)
  29 orc priests
  2 iron imps
  13 hounds
  5 jellies
  A bullfrog skeleton (D:11)
  Jessica (D:3)
  5 iguanas
  19 orc wizards
  15 worker ants
  2 ogre skeletons (Lab)
  2 hound skeletons
  2 hound zombies
  8 mummies (Ossuary)
  Robin (D:3)
  A worker ant zombie (D:10)
  8 gnolls
  2 howler monkey skeletons
  14 adders
  A river rat (Sewer)
  4 shadow imps
  12 white imps (Orc:2)
  3 ufetubi (Depths:1)
  2 adder skeletons
  4 worms
  A dart slug (D:2)
  7 leopard geckos
  81 orcs
  5 ball pythons
  6 giant cockroaches
  A gnoll zombie (Ossuary)
  12 goblins
  13 hobgoblins
  9 jackals
  3 quokkas
  9 bats
  7 frilled lizards
  A giant cockroach zombie (D:6)
  A jackal skeleton (D:5)
  14 kobolds
  5 kobold zombies (Ossuary)
  2 orc zombies (Ossuary)
  11 rats
  2 plants (Lair:1)
2181 creatures vanquished.

Vanquished Creatures (collateral kills)
  Rupert (Lair:3)
  A rime drake (Lair:1)
2 creatures vanquished.

Vanquished Creatures (others)
  A lorocyproca (Depths:3)
  A purple draconian (Depths:5)
  2 deep elf magi
  A moth of wrath (Zot:5)
  An orc warrior (Orc:1)
  A boggart (Depths:1)
  An orc wizard (Orc:2)
  3 orcs
  9 fungi
  16 plants
36 creatures vanquished.

Grand Total: 2219 creatures vanquished

Notes
Turn   | Place    | Note
-------+----------+-------------------------------------------
     0 | D:1      | Zwobot the Ogre Fighter began the quest for the Orb.
     0 | D:1      | Reached XP level 1. HP: 24/24 MP: 1/1
   183 | D:1      | Reached XP level 2. HP: 30/32 MP: 2/2
   277 | D:1      | Found a shattered altar of Ashenzari.
  1016 | D:2      | Reached XP level 3. HP: 38/39 MP: 3/3
  1888 | D:2      | Found a shimmering altar of Xom.
  1921 | D:2      | Found a shadowy altar of Dithmenos.
  1925 | D:2      | Found a deep blue altar of Sif Muna.
  1925 | D:2      | Found a glowing golden altar of the Shining One.
  1928 | D:2      | Found a radiant altar of Vehumet.
  1929 | D:2      | Found an opulent altar of Gozag.
  1930 | D:2      | Found an ornate altar of the Wu Jian Council.
  2343 | D:3      | Reached XP level 4. HP: 48/48 MP: 4/4
  2450 | D:3      | Noticed Robin
  2948 | D:3      | Killed Robin
  2982 | D:3      | Noticed Jessica
  3184 | D:3      | Reached XP level 5. HP: 52/54 MP: 5/5
  3371 | D:3      | Killed Jessica
  3955 | D:3      | Reached skill level 5 in Unarmed Combat
  4254 | D:4      | Reached XP level 6. HP: 33/62 MP: 6/6
  4486 | D:4      | Found a runed door.
  4798 | D:4      | Reached XP level 7. HP: 54/70 MP: 7/7
  5917 | D:4      | Noticed a dagger
  5918 | D:4      | Found a hide-covered altar of Uskayaw.
  5918 | D:4      | Noticed a dagger
  5985 | D:4      | Found a bloodstained altar of Trog.
  6321 | D:5      | Entered Level 5 of the Dungeon
  6330 | D:5      | Reached XP level 8. HP: 73/78 MP: 8/8
  6349 | D:5      | Found a glowing golden altar of the Shining One.
  6376 | D:5      | Found a staircase to the Ecumenical Temple.
  6386 | Temple   | Entered the Ecumenical Temple
  6451 | Temple   | Became a worshipper of Warmaster Okawaru
  6533 | D:5      | Found Doekluo's Food Shoppe.
  6549 | D:5      | Noticed Dowan
  6553 | D:5      | Noticed Duvessa
  6575 | D:5      | Killed Duvessa
  6590 | D:5      | Killed Dowan
  7281 | D:5      | Reached * piety under Okawaru
  7351 | D:6      | Noticed Menkaure
  7499 | D:6      | Found a glowing drain.
  7515 | Sewer    | Entered a sewer
  7676 | Sewer    | Found a white marble altar of Elyvilon.
  7763 | D:6      | Reached skill level 5 in Shields
  7819 | D:6      | Noticed KristoblXynda's ghost (novice DrFi)
  7819 | D:6      | Reached XP level 9. HP: 77/84 MP: 9/9
  7824 | D:6      | Noticed a troll
  7831 | D:6      | HP: 5/126 [troll (10)]
  7832 | D:6      | Killed a troll
  7839 | D:6      | Killed Menkaure
  8119 | D:6      | Killed KristoblXynda's ghost
  8119 | D:6      | Reached skill level 10 in Unarmed Combat
  8235 | D:6      | Got a distressingly furry robe
  8480 | D:6      | Reached ** piety under Okawaru
  8480 | D:6      | Reached skill level 1 in Invocations
  8747 | D:7      | Found a stormy altar of Qazlal.
  8813 | D:7      | Reached XP level 10. HP: 80/92 MP: 12/12
  8857 | D:7      | Found a sand-covered staircase.
  8862 | Ossuary  | Entered an ossuary
  9200 | D:7      | Found an ancient bone altar of Kikubaaqudgha.
  9842 | D:8      | Noticed a two-headed ogre
  9849 | D:8      | Killed a two-headed ogre
  9849 | D:8      | Reached *** piety under Okawaru
 10089 | D:9      | Reached skill level 5 in Fighting
 10317 | D:9      | Found a staircase to the Lair.
 10713 | D:9      | Reached skill level 6 in Fighting
 10870 | D:9      | Noticed a gargoyle
 10876 | D:9      | Killed a gargoyle
 11154 | D:10     | Entered Level 10 of the Dungeon
 11202 | D:10     | Reached XP level 11. HP: 92/107 MP: 11/14
 11242 | D:10     | Noticed a two-headed ogre
 11248 | D:10     | Killed a two-headed ogre
 11248 | D:10     | Reached **** piety under Okawaru
 11248 | D:10     | Reached skill level 7 in Fighting
 11504 | D:10     | Found a staircase to the Orcish Mines.
 11870 | D:10     | Noticed a two-headed ogre
 11878 | D:10     | Killed a two-headed ogre
 11878 | D:10     | Reached skill level 1 in Evocations
 12235 | D:11     | Reached skill level 8 in Fighting
 12461 | D:11     | Noticed Urug
 12472 | D:11     | Reached ***** piety under Okawaru
 12494 | D:11     | Killed Urug
 12735 | D:11     | Noticed Harold
 12744 | D:11     | Killed Harold
 12744 | D:11     | Received a gift from Okawaru
 12744 | D:11     | Reached XP level 12. HP: 90/122 MP: 12/15
 12823 | D:11     | Reached skill level 9 in Fighting
 12890 | D:11     | Received a gift from Okawaru
 13202 | D:12     | Noticed a two-headed ogre
 13207 | D:12     | Killed a two-headed ogre
 13274 | D:12     | Noticed a two-headed ogre
 13280 | D:12     | Killed a two-headed ogre
 13364 | D:12     | Noticed a two-headed ogre
 13375 | D:12     | Killed a two-headed ogre
 13704 | Lair:1   | Entered Level 1 of the Lair of Beasts
 13741 | Lair:1   | Reached skill level 10 in Fighting
 13994 | Lair:1   | Reached skill level 1 in Throwing
 14060 | Lair:1   | Noticed braks's ghost (novice DrCj)
 14065 | Lair:1   | Killed braks's ghost
 14217 | Lair:1   | Noticed a four-headed hydra
 14224 | Lair:1   | Killed a four-headed hydra
 14480 | Lair:2   | Received a gift from Okawaru
 14515 | Lair:2   | Noticed a catoblepas
 14520 | Lair:2   | Killed a catoblepas
 14557 | Lair:2   | Reached XP level 13. HP: 74/135 MP: 13/16
 14565 | Lair:2   | Reached skill level 5 in Evocations
 14840 | Lair:2   | Reached skill level 11 in Fighting
 15570 | Lair:3   | Received a gift from Okawaru
 15604 | Lair:3   | Reached skill level 5 in Throwing
 15631 | Lair:3   | Found a labyrinth entrance.
 15639 | Lab      | Entered a labyrinth
 15858 | Lab      | Received a gift from Okawaru
 16037 | Lab      | Noticed a minotaur
 16047 | Lab      | Killed a minotaur
 16054 | Lab      | Identified Sif Muna's Incunabulum of Translocation
 16058 | Lab      | Got a flickering amber ring
 16059 | Lab      | Identified the ring of the Snail {rElec AC+6} (You found it in a labyrinth)
 16096 | Lab      | Learned a level 1 spell: Apportation
 16099 | Lab      | Learned a level 2 spell: Blink
 16103 | Lab      | Learned a level 3 spell: Lesser Beckoning
 16113 | Lair:3   | Found a staircase to the Snake Pit.
 16174 | Lair:3   | Noticed Rupert
 16186 | Lair:3   | Killed Rupert
 16341 | Lair:3   | Reached skill level 15 in Unarmed Combat
 16582 | Lair:3   | Found a staircase to the Swamp.
 16677 | Lair:3   | You fall through a shaft!
 17231 | Lair:4   | Reached skill level 12 in Fighting
 17860 | Lair:5   | Reached XP level 14. HP: 102/149 MP: 9/17
 17950 | Lair:5   | Noticed Nessos
 17958 | Lair:5   | Killed Nessos
 17958 | Lair:5   | Received a gift from Okawaru
 18587 | Lair:5   | Found a viscous altar of Jiyva.
 18587 | Lair:5   | Found a staircase to the Slime Pits.
 18625 | Lair:6   | Entered Level 6 of the Lair of Beasts
 19262 | Lair:6   | Reached skill level 13 in Fighting
 19339 | Lair:6   | Received a gift from Okawaru
 19352 | Lair:6   | Reached ****** piety under Okawaru
 19372 | Lair:6   | Got encrusted steam dragon scales {god gift}
 19403 | Lair:6   | Identified the +0 steam dragon scales "Buer" {+Blink MR+ Str+2} (Okawaru gifted it to you on level 6 of the Lair of Beasts)
 19770 | Lair:6   | Reached skill level 10 in Throwing
 19903 | Lair:6   | Reached XP level 15. HP: 157/161 MP: 15/18
 20428 | Orc:1    | Entered Level 1 of the Orcish Mines
 20620 | Orc:1    | Noticed Fannar
 20653 | Orc:1    | Killed Fannar
 20781 | Orc:1    | Reached skill level 14 in Fighting
 20978 | Orc:2    | Entered Level 2 of the Orcish Mines
 20978 | Orc:2    | Found a frozen archway.
 21036 | IceCv    | Entered an ice cave
 21140 | IceCv    | Received a gift from Okawaru
 21300 | IceCv    | Reached skill level 1 in Armour
 21362 | IceCv    | Received a gift from Okawaru
 21720 | IceCv    | Noticed a frost giant
 21738 | IceCv    | Killed a frost giant
 21973 | Orc:2    | Noticed Azrael
 21981 | Orc:2    | Killed Azrael
 22158 | Orc:2    | Found Jyiros's Jewellery Shop.
 22333 | Orc:2    | Found a staircase to the Elven Halls.
 22663 | Orc:2    | Found Leadghim's Magic Scroll Shop.
 22665 | Orc:2    | Found Kugux's Jewellery Emporium.
 22670 | Orc:2    | Found Virhar's Armour Emporium.
 22702 | Orc:2    | Bought a scroll of identify for 20 gold pieces
 22702 | Orc:2    | Bought a scroll of identify for 20 gold pieces
 22704 | Orc:2    | Reached skill level 5 in Dodging
 22704 | Orc:2    | Reached XP level 16. HP: 174/174 MP: 19/19
 22715 | Orc:2    | Bought the ring "Pifyl" {rF+ rC+ MR+ Str-3 Int+7} for 848 gold pieces
 22733 | Orc:2    | Bought a scroll of teleportation for 30 gold pieces
 22733 | Orc:2    | Bought a scroll of identify for 20 gold pieces
 22733 | Orc:2    | Bought a scroll of identify for 20 gold pieces
 22744 | Orc:2    | Identified the +1 robe "Dam Nyi" {rC+} (You took it off a crimson imp on level 6 of the Dungeon)
 22905 | Snake:1  | Entered Level 1 of the Snake Pit
 22939 | Snake:1  | Reached skill level 15 in Fighting
 22990 | Snake:1  | Received a gift from Okawaru
 23085 | Swamp:1  | Entered Level 1 of the Swamp
 23181 | Swamp:1  | Reached XP level 17. HP: 176/184 MP: 17/20
 23657 | Swamp:1  | Noticed Josephine
 23672 | Swamp:1  | Killed Josephine
 23672 | Swamp:1  | Received a gift from Okawaru
 24111 | D:13     | Found a gate to the Vaults.
 24851 | D:14     | Reached skill level 5 in Armour
 25190 | D:14     | Received a gift from Okawaru
 25686 | D:15     | Entered Level 15 of the Dungeon
 26256 | D:15     | Reached skill level 16 in Fighting
 26521 | D:15     | Found a staircase to the Depths.
 27264 | Elf:1    | Entered Level 1 of the Elven Halls
 27363 | Elf:1    | Reached XP level 18. HP: 150/198 MP: 18/21
 27365 | Elf:1    | Noticed a Brimstone Fiend
 27370 | Elf:1    | Received a gift from Okawaru
 27643 | Elf:1    | Identified the Volume of Creation
 27797 | Elf:1    | Received a gift from Okawaru
 27930 | Elf:1    | Noticed Louise
 27947 | Elf:1    | Killed Louise
 28011 | Elf:1    | Identified a scroll of acquirement
 28015 | Elf:1    | Identified the +0 cloak "Silem" {*Contam Str+8} (You acquired it on level 1 of the Elven Halls)
 28535 | Elf:2    | Found a huge runed gate.
 28535 | Elf:2    | Found a huge runed gate.
 28535 | Elf:2    | Found a huge runed gate.
 28559 | Elf:2    | Found a huge runed gate.
 28559 | Elf:2    | Found a huge runed gate.
 28603 | Elf:2    | Reached skill level 17 in Fighting
 28678 | Elf:2    | Received a gift from Okawaru
 28835 | Elf:2    | Found an ancient bone altar of Kikubaaqudgha.
 29143 | Elf:3    | Entered Level 3 of the Elven Halls
 29738 | Snake:1  | Found a transporter.
 29740 | Snake:1  | Found a radiant altar of Vehumet.
 30106 | Snake:1  | Found a transporter.
 30115 | Snake:1  | Received a gift from Okawaru
 30380 | Snake:1  | Identified the Volume of Enhancements and Evil
 30384 | Snake:1  | Identified the amulet of Nagoss {Spirit rElec rPois MP+9} (You found it on level 1 of the Snake Pit)
 30969 | Snake:2  | Received a gift from Okawaru
 30971 | Snake:2  | Reached skill level 18 in Fighting
 31489 | Snake:2  | Found Faopn's Jewellery Boutique.
 31497 | Snake:2  | Bought a +5 ring of slaying for 1364 gold pieces
 31499 | Snake:2  | Bought an uncursed ring of see invisible for 180 gold pieces
 31703 | Snake:3  | Found Zekame's Antique Armour Boutique.
 31876 | Snake:3  | Found Ijue's Gadget Boutique.
 31876 | Snake:3  | Found Joce's Weapon Shop.
 31879 | Snake:3  | Found Fydoen's Armour Shop.
 31893 | Snake:3  | Bought a distressingly furry large shield for 332 gold pieces
 31907 | Snake:3  | Identified the cursed +0 large shield of the Elven Halls {+Blink rF+ Int+3} (You bought it in a shop on level 3 of the Snake Pit)
 31938 | Snake:3  | Reached XP level 19. HP: 214/214 MP: 22/22
 32069 | Snake:3  | Noticed Aizul
 32075 | Snake:3  | Killed Aizul
 32157 | Snake:3  | Reached skill level 19 in Fighting
 33265 | Snake:4  | Entered Level 4 of the Snake Pit
 33685 | Snake:4  | Found a shimmering altar of Xom.
 33864 | Snake:4  | Received a gift from Okawaru
 33889 | Snake:4  | Reached skill level 20 in Fighting
 34088 | Snake:4  | Received a gift from Okawaru
 34400 | Snake:4  | Received a gift from Okawaru
 34415 | Snake:4  | Got a serpentine rune of Zot
 34862 | Swamp:1  | Received a gift from Okawaru
 35232 | Swamp:1  | Reached skill level 21 in Fighting
 35281 | Swamp:2  | Received a gift from Okawaru
 36671 | Swamp:3  | Reached XP level 20. HP: 167/236 MP: 21/23
 37114 | Swamp:4  | Entered Level 4 of the Swamp
 37150 | Swamp:4  | Reached skill level 22 in Fighting
 37540 | Swamp:4  | Noticed Mara
 37601 | Swamp:4  | Received a gift from Okawaru
 37642 | Swamp:4  | Killed Mara
 38105 | Swamp:4  | Got a decaying rune of Zot
 38173 | Swamp:4  | Received a gift from Okawaru
 38869 | Vaults:1 | Entered Level 1 of the Vaults
 39004 | Vaults:1 | Received a gift from Okawaru
 39438 | Vaults:1 | Found Vietoij's Jewellery Shoppe.
 39498 | Vaults:1 | Found Noconosh's Weapon Shop.
 39664 | Vaults:1 | Found Qeleidul's General Store.
 39670 | Vaults:1 | Reached skill level 23 in Fighting
 39671 | Vaults:1 | Bought a potion of heal wounds for 60 gold pieces
 39902 | Vaults:1 | Found Plog's Jewellery Shop.
 40262 | Vaults:2 | Reached XP level 21. HP: 221/249 MP: 24/24
 40594 | Vaults:2 | Received a gift from Okawaru
 41421 | Vaults:2 | Learned a level 3 spell: Regeneration
 41443 | Vaults:2 | Found the +10 morningstar "Eos" {elec, Halo rElec}
 41461 | Vaults:2 | Reached skill level 1 in Translocations
 41466 | Vaults:2 | Reached skill level 1 in Spellcasting
 42072 | Vaults:2 | Reached skill level 10 in Armour
 42647 | Vaults:3 | Received a gift from Okawaru
 42853 | Vaults:3 | Gained mutation: Armour fits poorly on your strangely shaped body. [a neqoxec]
 42975 | Vaults:3 | Received a gift from Okawaru
 43964 | Vaults:3 | Noticed Mennas
 43999 | Vaults:3 | Killed Mennas
 43999 | Vaults:3 | Reached skill level 5 in Translocations
 44288 | Vaults:3 | Found a staircase to the Crypt.
 44295 | Vaults:3 | Received a gift from Okawaru
 44295 | Vaults:3 | Reached XP level 22. HP: 244/260 MP: 28/28
 44426 | Vaults:3 | Found Huqu's Book Boutique.
 44789 | Vaults:3 | Received a gift from Okawaru
 44910 | Vaults:4 | Reached skill level 5 in Spellcasting
 45190 | Vaults:4 | Found a roughly hewn altar of Beogh.
 45764 | Vaults:4 | Received a gift from Okawaru
 45764 | Vaults:4 | Reached skill level 1 in Charms
 45764 | Vaults:4 | Reached skill level 1 in Necromancy
 46363 | Vaults:5 | Entered Level 5 of the Vaults
 46416 | Vaults:5 | Received a gift from Okawaru
 46882 | Vaults:5 | Reached skill level 15 in Throwing
 46981 | Vaults:5 | Received a gift from Okawaru
 47277 | Vaults:5 | Noticed an ancient lich
 47296 | Vaults:5 | Killed an ancient lich
 47296 | Vaults:5 | Received a gift from Okawaru
 47296 | Vaults:5 | Reached XP level 23. HP: 176/267 MP: 24/30
 47307 | Vaults:5 | Reached skill level 5 in Charms
 47307 | Vaults:5 | Reached skill level 5 in Necromancy
 47512 | Vaults:5 | Identified the Disquisition on Attacks and the Frostbite
 47702 | Vaults:5 | Noticed an ancient lich
 47706 | Vaults:5 | Noticed Margery
 47737 | Vaults:5 | Killed an ancient lich
 47741 | Vaults:5 | Killed Margery
 47741 | Vaults:5 | Received a gift from Okawaru
 48074 | Vaults:5 | Received a gift from Okawaru
 48417 | Vaults:5 | Reached skill level 5 in Invocations
 48616 | Vaults:5 | Got a silver rune of Zot
 49188 | Vaults:5 | Found Garyh's Food Shop.
 50009 | Depths:1 | Entered Level 1 of the Depths
 50320 | Depths:1 | Found a one-way gate leading to the halls of Pandemonium.
 50602 | Depths:1 | Found Tugya's Magic Scroll Shop.
 50610 | Depths:1 | Bought 2 scrolls of fog for 76 gold pieces
 50610 | Depths:1 | Bought a scroll of enchant armour for 142 gold pieces
 50637 | Depths:1 | Reached XP level 24. HP: 278/278 MP: 30/30
 50829 | Depths:1 | Noticed Sojobo
 50865 | Depths:1 | Killed Sojobo
 51096 | Depths:1 | Received a gift from Okawaru
 51449 | Depths:1 | Found a gateway to Hell.
 51891 | Depths:1 | Received a gift from Okawaru
 52565 | Depths:2 | Received a gift from Okawaru
 52860 | Depths:2 | Reached skill level 10 in Dodging
 53095 | Depths:2 | Reached skill level 10 in Shields
 53792 | Depths:3 | Received a gift from Okawaru
 53909 | Depths:3 | Found a gateway to a ziggurat.
 54302 | Depths:3 | Reached XP level 25. HP: 241/287 MP: 30/30
 54325 | Depths:3 | Found Sodalo's Weapon Boutique.
 54930 | Depths:4 | Found a corrupted altar of Lugonu.
 54937 | Depths:4 | Found a one-way gate to the infinite horrors of the Abyss.
 55907 | Depths:5 | Entered Level 5 of the Depths
 56526 | Depths:5 | Received a gift from Okawaru
 56715 | Depths:5 | Found a gate to the Realm of Zot.
 57220 | Depths:5 | Learned a level 1 spell: Summon Butterflies
 57248 | Zot:1    | Entered Level 1 of the Realm of Zot
 57269 | Zot:1    | Received a gift from Okawaru
 57465 | Zot:1    | Received a gift from Okawaru
 58204 | Zot:1    | Reached XP level 26. HP: 261/297 MP: 15/30
 58208 | Zot:1    | Noticed an orb of fire
 58214 | Zot:1    | Gained mutation: You are somewhat resistant to further mutation. [an orb of fire]
 58225 | Zot:1    | Killed an orb of fire
 58225 | Zot:1    | Received a gift from Okawaru
 58252 | Zot:1    | Received a gift from Okawaru
 58590 | Zot:2    | Received a gift from Okawaru
 59344 | Zot:5    | Entered Level 5 of the Realm of Zot
 59742 | Zot:5    | Noticed an ancient lich
 59753 | Zot:5    | Killed an ancient lich
 60285 | Zot:4    | Received a gift from Okawaru
 60399 | Zot:5    | Reached skill level 1 in Summonings
 60407 | Zot:5    | Noticed an ancient lich
 60413 | Zot:5    | Killed an ancient lich
 60493 | Zot:5    | Received a gift from Okawaru
 60673 | Zot:5    | Received a gift from Okawaru
 60686 | Zot:5    | Noticed an orb of fire
 60702 | Zot:5    | Killed an orb of fire
 60702 | Zot:5    | Reached skill level 5 in Summonings
 60702 | Zot:5    | Reached XP level 27. HP: 281/305 MP: 30/30
 60714 | Zot:5    | Noticed an orb of fire
 60730 | Zot:5    | Killed an orb of fire
 60730 | Zot:5    | Received a gift from Okawaru
 60758 | Zot:5    | Received a gift from Okawaru
 61045 | Zot:5    | Noticed an orb of fire
 61054 | Zot:5    | Killed an orb of fire
 61054 | Zot:5    | Received a gift from Okawaru
 61069 | Zot:5    | Received a gift from Okawaru
 61301 | Zot:5    | Got the Orb of Zot
 61343 | Zot:5    | Noticed an orb of fire
 61345 | Zot:5    | Gained mutation: You are partially covered in yellow scales. (AC +2) [an orb of fire]
 61357 | Zot:5    | Killed an orb of fire
 61961 | D:$      | Escaped with the Orb!

Vault maps used:
D:1:      evilmike_arrival_fibonacci_small, evilmike_ruin_ashenzari
D:2:      brannock_xom_greatest_gift, minitemple
D:3:      minmay_crystal_room, uniq_jessica, uniq_robin
D:4:      dancing_weapons_uskayaw, lemuel_coloured_pillars_altar, first_ration,
          minmay_unequal, uniq_crazy_yiuf_cottage
D:5:      cheibrodos_quashed, minmay_temple_entry_hall, basic_altar,
          serial_shops, shop, uniq_duvessa
D:6:      cheibrodos_sewer_entry_sluice, uniq_menkaure
D:7:      overflow_temple_1_default, kennysheep_little_box, enter_ossuary_2
D:9:      david_lair_generic
D:10:     erik_orc_3, the_bakery, grunt_decor_one_mirror
D:11:     uniq_urug, uniq_harold
D:13:     david_vaults_2
D:14:     hangedman_decor_clover_reticule, kb_rosetta
D:15:     hangedman_depths_entry_civil_slaughter,
          hangedman_abyss_or_decor_lesser_grid
Temple:   pf_slime_end_temple
Lair:1:   beast_lair_carwin_3, minmay_lair_oklob_chamber
Lair:3:   swamp_mist_pool, dummy_snake_entry, lab_entry_generic,
          beast_lair_carwin_6, uniq_rupert
Lair:4:   beast_lair_carwin_10, lemuel_fruit_tree
Lair:5:   dpeg_slime_entry_enclosed_altar, grunt_megastairs_3, uniq_nessos
Lair:6:   minmay_lair_end_enchanted_forest, lemuel_fruit_fields
Swamp:1:  evilmike_swamp_ruin_house_5, uniq_josephine
Swamp:2:  hangedman_swamp_pad, swamp_pool3, nicolae_swamp_round_clearing,
          hangedman_swamp_lotus, infiniplex_staircase_pool
Swamp:3:  cheibrodos_swamp_monstrosity, evilmike_swamp_ruin_house_1,
          swamp_pool3, st_swamp_ruins_1
Swamp:4:  swamp_vile, uniq_mara
Snake:1:  gammafunk_sealed_library, grunt_megastairs_4
Snake:2:  serial_shops, shop, hangedman_snake_thin_pillar_pass,
          serial_bayou_shore_a
Snake:3:  minmay_shoptagon, grunt_megastairs_2, uniq_aizul
Snake:4:  snake_pit, basic_altar
Orc:1:    uniq_fannar
Orc:2:    st_orc_elflike, portal_ice_cave_entry_imps, uniq_azrael
Elf:1:    minmay_elf_arrival_circle, minmay_elf_demonology, spider_trap,
          minmay_misc_feat_cross, einodemon_crawler_minivault, uniq_louise
Elf:2:    basic_altar
Elf:3:    grunt_elf_hall_diamonds, basic_stair_grate_trap, uniq_asterion
Vaults:1: v_alt_pattern_2, vaults_dpeg_encased_lava, vaults_mumra_hexcomb,
          hangedman_vaults_capsules, ontoclasm_vaults_loading_screen,
          v_alt_pattern_6, hangedman_vaults_variations, hangedman_vaults_maws,
          ontoclasm_vaults_ring_small, v_alt_pattern_4, serial_shops,
          nicolae_shop_crystal, shop,
          nicolae_shop_temple_entry_statues_fountains, shop_statue
Vaults:2: v_misc_31, vaults_room_fours, dpeg_vaults_waves,
          hangedman_vaults_impose, nicolae_vaults_little_squares_1
Vaults:3: v_misc_4, vaults_room_boxed, minmay_crypt_entry_nasty_monster,
          nicolae_vaults_triangles, dpeg_vaults_monster_row,
          nicolae_vaults_hallways_thing, v_misc_1,
          nicolae_vaults_yaktaur_gun_rack, vaults_dpeg_hooks,
          nicolae_vaults_asterisk, nicolae_vaults_little_squares_5,
          ontoclasm_vaults_shuriken, serial_shops, shop_statue, uniq_mennas
Vaults:4: ontoclasm_vaults_misaligned, v_misc_27, vaults_room_fancy_cross,
          vaults_dpeg_spiral, v_misc_14, ontoclasm_vaults_gateway,
          nicolae_vaults_angled_halls, ontoclasm_vaults_tryst, v_misc_27,
          nicolae_vaults_alarming, special_room_vaults
Vaults:5: uniq_margery
Depths:1: hell_entry, hangedman_decor_push, grunt_pan_entry_spiral,
          serial_shops, nicolae_shop_trees, kennysheep_pointless_box,
          grunt_ministairs_1, minmay_misc_feat_tiny, minmay_misc_feat_iff,
          lemuel_flamethrower_1, uniq_sojobo
Depths:2: grunt_x_marks_the_spot, grunt_metal_band,
          infiniplex_staircase_split_hallway, pan_entry
Depths:3: kennysheep_demon_jail, enter_ziggurat_b, serial_shops, shop,
          interstate_on_off, grunt_pan_entry_in_and_out, hell_entry,
          infiniplex_staircase_pillars_3a
Depths:4: due_chaos_kobolds, abyss_entry_small_statue_room, hell_entry,
          minmay_misc_feat_tower, hangedman_abyss_or_decor_slice,
          evilmike_butchery
Depths:5: grunt_zot_entry_funnels, serial_column_ruins,
          column_ruins_square_small, column_ruins_columns_straight,
          column_ruins_open_small, column_ruins_grid_3, column_ruins_columns_T,
          column_ruins_columns_water, minmay_misc_feat_four_crosses,
          grunt_hell_entry_dis_grunt
Zot:1:    hangedman_zot_decor_scrapings, lemuel_baited_zot_trap, nzn_random_ring
Zot:2:    kennysheep_blocky_room, lemuel_lake_of_fire, basic_stair_grate_trap
Zot:5:    stair_cage_line
Lab:      nicolae_lab_dead_adventurers, labyrinth_skeletal_remains,
          nicolae_lab_garden, nicolae_lab_blocks, lab_fountain,
          nicolae_lab_diamond, labyrinth_lava_lair, nicolae_lab_starburst,
          labyrinth_fake_exit, nicolae_lab_t_cross
Sewer:    sewer_kobolds
Ossuary:  ossuary_tomb_3
IceCv:    ice_cave_caverns_01

Skill      XL: |  1  2  3  4  5  6  7  8  9 10 11 12 13 14 15 16 17 18 19 20 21 22 23 24 25 26 27 |
---------------+----------------------------------------------------------------------------------+-----
Unarmed Combat | 2 3 4 5 6 7 9 10 12 13 14 15 16 17 18 19 20 21 22 | 22.1
Shields        | 3 5 6 7 8 9 10 12 | 12.1
Invocations    | 2 4 7 8 |  8.2
Fighting       | 6 8 10 12 13 14 15 16 18 21 23 | 23.3
Evocations     | 3 4 5 6 9 |  9.1
Throwing       | 2 7 10 12 13 14 15 16 19 20 | 20.3
Dodging        | 5 7 8 9 10 12 | 12.3
Armour         | 3 4 5 6 7 9 10 11 12 14 | 14.0
Translocations | 5 7 |  7.0
Spellcasting   | 4 5 |  5.0
Charms         | 4 6 |  6.0
Necromancy     | 4 6 |  6.1
Summonings     | 5 9 |  9.0

Action                   |  1- 3 |  4- 6 |  7- 9 | 10-12 | 13-15 | 16-18 | 19-21 | 22-24 | 25-27 || total
-------------------------+-------+-------+-------+-------+-------+-------+-------+-------+-------++-------
Melee: Unarmed           |   158 |   247 |   442 |   722 |  1388 |  1171 |  1567 |  1122 |   836 ||  7653
Throw: Stone             |       |     3 |     3 |       |       |       |       |       |       ||     6
       Javelin           |       |       |       |     4 |    31 |    42 |    36 |    55 |    15 ||   183
       Large rock        |       |       |       |     7 |    23 |    59 |   178 |   245 |   229 ||   741
       Throwing net      |       |       |       |       |       |       |       |     1 |     2 ||     3
 Cast: Regeneration      |       |       |       |       |       |       |       |    21 |    11 ||    32
       Lesser Beckoning  |       |       |       |       |       |       |       |    11 |       ||    11
       Apportation       |       |       |       |       |       |       |       |     1 |       ||     1
       Blink             |       |       |       |       |       |       |       |       |     1 ||     1
       Summon Butterflie |       |       |       |       |       |       |       |       |     1 ||     1
Invok: Heroism           |       |       |    11 |    38 |    59 |    58 |    70 |    75 |    45 ||   356
       Finesse           |       |       |       |       |     2 |       |     3 |     4 |     3 ||    12
 Abil: Evoke Berserk Rag |     2 |     8 |     6 |     2 |     1 |       |       |       |       ||    19
       Evoke Invisibilit |       |       |       |       |       |       |       |     1 |     4 ||     5
Evoke: Lightning rod     |       |       |       |       |     7 |     2 |       |       |     2 ||    11
       Wand              |       |       |       |       |     1 |     3 |       |     1 |     8 ||    13
       Lamp of fire      |       |       |       |       |       |     1 |       |     3 |     1 ||     5
       Fan of gales      |       |       |       |       |       |       |       |       |     1 ||     1
  Use: Scroll            |     1 |     4 |     3 |    18 |    10 |    12 |     7 |    10 |     5 ||    70
       Potion            |     1 |       |     3 |       |     1 |     6 |     9 |     5 |     9 ||    34
 Stab: Sleeping          |       |       |     1 |     3 |     1 |     1 |       |       |       ||     6
       Confused          |       |       |       |       |       |       |     1 |       |       ||     1
       Held in net/web   |       |       |       |       |       |       |       |     3 |     1 ||     4
       Invisible         |       |       |       |       |       |       |       |       |    14 ||    14
  Eat: Chunk             |     2 |     9 |    13 |    21 |    21 |    11 |    14 |    16 |    10 ||   117
       Ration            |     1 |     2 |     2 |     1 |     2 |     6 |     8 |     5 |     7 ||    34
Armor: Robe              |    39 |    40 |   108 |       |       |       |       |       |       ||   187
       Troll leather arm |       |       |    26 |    94 |   265 |   277 |    45 |       |       ||   707
       Skin              |       |       |       |       |     1 |       |       |       |       ||     1
       Swamp dragon scal |       |       |       |       |       |       |   138 |       |       ||   138
       Ice dragon scales |       |       |       |       |       |       |   103 |    76 |       ||   179
       Storm dragon scal |       |       |       |       |       |       |       |   139 |   247 ||   386
Dodge: Dodged            |    49 |    70 |   131 |   153 |   289 |   272 |   430 |   277 |   254 ||  1925
Block: Shield            |    58 |    89 |   186 |   255 |   663 |   565 |   632 |   387 |   326 ||  3161
       Reflection        |       |       |       |     4 |    11 |    22 |       |       |       ||    37

Table legend:
 A = Spawn XP
 B = Non-spawn XP
 C = Spawn XP percentage of total XP
 D = Spawn monster count
 E = Non-spawn monster count
 F = Spawn count percentage of total count
 G = Total turns spent on level
                    A         B        C        D         E        F      G
               +---------+---------+-------+---------+---------+-------+---------
         Total |       0 | 1334850 |   0.0 |       0 |    2179 |   0.0 | 61961
               +---------+---------+-------+---------+---------+-------+---------
           D:1 |       0 |      29 |   0.0 |       0 |      20 |   0.0 |   966
           D:2 |       0 |      46 |   0.0 |       0 |      19 |   0.0 |  1501
           D:3 |       0 |     159 |   0.0 |       0 |      38 |   0.0 |  1554
           D:4 |       0 |     929 |   0.0 |       0 |      23 |   0.0 |  2433
           D:5 |       0 |     788 |   0.0 |       0 |      19 |   0.0 |  1279
           D:6 |       0 |    1929 |   0.0 |       0 |      32 |   0.0 |   735
           D:7 |       0 |    1116 |   0.0 |       0 |      20 |   0.0 |   738
           D:8 |       0 |    1281 |   0.0 |       0 |      11 |   0.0 |   547
           D:9 |       0 |    2443 |   0.0 |       0 |      23 |   0.0 |  1248
          D:10 |       0 |    5437 |   0.0 |       0 |      42 |   0.0 |  1254
          D:11 |       0 |    6897 |   0.0 |       0 |      45 |   0.0 |   960
          D:12 |       0 |    4440 |   0.0 |       0 |      17 |   0.0 |   589
          D:13 |       0 |    9227 |   0.0 |       0 |      25 |   0.0 |   899
          D:14 |       0 |    9620 |   0.0 |       0 |      30 |   0.0 |   962
          D:15 |       0 |   26952 |   0.0 |       0 |      58 |   0.0 |  1487
        Lair:1 |       0 |    4316 |   0.0 |       0 |      13 |   0.0 |   822
        Lair:2 |       0 |    7843 |   0.0 |       0 |      33 |   0.0 |  1183
        Lair:3 |       0 |    9359 |   0.0 |       0 |      31 |   0.0 |  1010
        Lair:4 |       0 |    5324 |   0.0 |       0 |      27 |   0.0 |  1032
        Lair:5 |       0 |    8321 |   0.0 |       0 |      27 |   0.0 |   820
        Lair:6 |       0 |   27878 |   0.0 |       0 |     102 |   0.0 |  1644
       Swamp:1 |       0 |   18140 |   0.0 |       0 |      49 |   0.0 |  1258
       Swamp:2 |       0 |   11386 |   0.0 |       0 |      37 |   0.0 |   815
       Swamp:3 |       0 |   19775 |   0.0 |       0 |      53 |   0.0 |  1105
       Swamp:4 |       0 |   44278 |   0.0 |       0 |      73 |   0.0 |  1559
       Snake:1 |       0 |   26384 |   0.0 |       0 |      36 |   0.0 |  1486
       Snake:2 |       0 |   12458 |   0.0 |       0 |      27 |   0.0 |   991
       Snake:3 |       0 |   25312 |   0.0 |       0 |      45 |   0.0 |  1642
       Snake:4 |       0 |   35957 |   0.0 |       0 |      63 |   0.0 |  1417
         Orc:1 |       0 |    5515 |   0.0 |       0 |      46 |   0.0 |   576
         Orc:2 |       0 |   12161 |   0.0 |       0 |      63 |   0.0 |  1103
         Elf:1 |       0 |   24633 |   0.0 |       0 |      43 |   0.0 |  1250
         Elf:2 |       0 |   10673 |   0.0 |       0 |      17 |   0.0 |   662
      Vaults:1 |       0 |   35205 |   0.0 |       0 |      68 |   0.0 |  1622
      Vaults:2 |       0 |   67045 |   0.0 |       0 |      93 |   0.0 |  2175
      Vaults:3 |       0 |   61324 |   0.0 |       0 |      88 |   0.0 |  2266
      Vaults:4 |       0 |   35174 |   0.0 |       0 |      76 |   0.0 |  1503
      Vaults:5 |       0 |  168570 |   0.0 |       0 |     146 |   0.0 |  3475
      Depths:1 |       0 |   62180 |   0.0 |       0 |      77 |   0.0 |  2033
      Depths:2 |       0 |   71950 |   0.0 |       0 |      79 |   0.0 |  1753
      Depths:3 |       0 |   31522 |   0.0 |       0 |      39 |   0.0 |  1101
      Depths:4 |       0 |   22847 |   0.0 |       0 |      29 |   0.0 |  1115
      Depths:5 |       0 |   57326 |   0.0 |       0 |      44 |   0.0 |  1362
         Zot:1 |       0 |   77503 |   0.0 |       0 |      42 |   0.0 |  1368
         Zot:2 |       0 |   17893 |   0.0 |       0 |       8 |   0.0 |   292
         Zot:3 |       0 |   11060 |   0.0 |       0 |       8 |   0.0 |   241
         Zot:4 |       0 |    6644 |   0.0 |       0 |       4 |   0.0 |   382
         Zot:5 |       0 |  210559 |   0.0 |       0 |      83 |   0.0 |  1957
           Lab |       0 |    1918 |   0.0 |       0 |       9 |   0.0 |   470
         Sewer |       0 |     125 |   0.0 |       0 |      10 |   0.0 |   205
       Ossuary |       0 |     156 |   0.0 |       0 |      16 |   0.0 |   232
         IceCv |       0 |   14843 |   0.0 |       0 |      53 |   0.0 |   784
               +---------+---------+-------+---------+---------+-------+---------
